 Dungeon Crawl Stone Soup version 0.30.1-11-g7821555f0a (webtiles) character file.

Game seed: 17106437758827368151

7317 Eitelfritz the Carver (level 10, 0/90 HPs)
             Began as a Minotaur Gladiator on Dec 30, 2023.
             Was an Initiate of Yredelemnul.
             Slain by a hornet (9 damage)
             ... on level 10 of the Dungeon.
             The game lasted 00:23:34 (9261 turns).

Eitelfritz the Carver (Minotaur Gladiator)          Turns: 9261, Time: 00:23:35

Health: 0/90       AC: 10    Str: 19    XL:     10   Next: 90%
Magic:  8/11       EV: 15    Int:  9    God:    Yredelemnul [......]
Gold:   70         SH:  0    Dex: 12    Spells: 9/9 levels left

rFire   . . .        a - +4 scimitar (flame)
rCold   . . .        (no shield)
rNeg    . . .        O - +0 steam dragon scales
rPois   +            c - +1 hat
rElec   .            D - scarf {+Inv}
rCorr   .            T - +0 pair of gloves
SInv    .            B - +0 pair of boots
Will    +....        W - amulet of regeneration
Stlth   ++           m - ring of poison resistance
HPRegen 1.15/turn    y - ring of willpower
MPRegen 0.12/turn

%: no passive effects
@: no status effects
A: horns 2, retaliatory headbutt
a: Renounce Religion, Evoke Invisibility, Recall Undead Harvest


You were on level 10 of the Dungeon.
You worshipped Yredelemnul.
Yredelemnul was noncommittal.
You visited 2 branches of the dungeon, and saw 11 of its levels.
You also visited: Sewer.

You collected 520 gold pieces.
You spent 450 gold pieces at shops.

Inventory:

Hand Weapons
 a - a +4 scimitar of flaming (weapon)
 b - a +0 shortbow
 i - a +2 long sword of protection
 z - a +0 morningstar
 S - a +5 great sword
Missiles
 d - 6 throwing nets (quivered)
 e - a javelin
 F - 16 poisoned darts
Armour
 c - a +1 hat (worn)
 B - a +0 pair of boots (worn)
 D - a scarf of invisibility (worn)
 O - +0 steam dragon scales (worn)
 T - a +0 pair of gloves (worn)
Jewellery
 g - a ring of protection from fire
 j - a ring of protection from fire
 m - a ring of poison resistance (left hand)
 r - a ring of resist corrosion
 t - an amulet of faith
 y - a ring of willpower (right hand)
 E - an amulet of magic regeneration
 H - a ring of wizardry
 I - a ring of positive energy
 L - a +6 ring of intelligence
 W - an amulet of regeneration (around neck)
Wands
 G - a wand of charming (13)
 J - a wand of flame (9)
 K - a wand of mindburst (16)
 Q - a wand of digging (4)
 R - a wand of acid (4)
Scrolls
 o - 3 scrolls of teleportation
 p - a scroll of summoning
 s - a scroll of noise {unknown}
 w - a scroll of brand weapon
 C - 3 scrolls of poison
 N - 2 scrolls of fog
 P - 2 scrolls of identify
 V - a scroll of silence {unknown}
Potions
 f - a potion of heal wounds
 h - 3 potions of curing
 k - a potion of haste {unknown}
 l - a potion of invisibility {unknown}
 n - 3 potions of lignification
 q - 2 potions of brilliance
 u - 2 potions of mutation
 v - a potion of might {unknown}
 x - a potion of magic {unknown}
 A - 3 potions of resistance {unknown}
 M - a potion of attraction {unknown}
 U - a potion of experience {unknown}


   Skills:
 + Level 8.4 Fighting
 + Level 13.3 Long Blades
 + Level 2.1 Throwing
 + Level 8.5 Armour
 + Level 8.2 Dodging
 + Level 2.9 Stealth
 * Level 2.8 Invocations


You had 9 spell levels left.
You didn't know any spells.
Your spell library contained the following spells:

 Spells                   Type           Power      Damage    Failure   Level
 Sublimation of Blood     Necr           0%         N/A       52%         2
 Wereblood                Tmut           0%         N/A       52%         2
 Dazzling Flash           Conj/Hex       0%         N/A       77%         3
 Gell's Gravitas          Tloc           0%         N/A       77%         3
 Stone Arrow              Conj/Erth      0%         3d7       77%         3
 Summon Guardian Golem    Hex/Summ       0%         N/A       77%         3
 Teleport Other           Tloc           0%         N/A       77%         3
 Volatile Blastmotes      Fire/Tloc      0%         2d10      77%         3
 Animate Armour           Summ/Erth      0%         N/A       99%         4
 Iskenderun's Mystic Bla  Conj/Tloc      0%         2d3       99%         4
 Dispersal                Tloc           0%         N/A       100%        6
 Starburst                Conj/Fire      0%         6d3       100%        6
 Orb of Destruction       Conj           0%         9d5       100%        7
 Spellforged Servitor     Conj/Summ      0%         N/A       100%        7
 Summon Hydra             Summ           0%         N/A       100%        7
 Lehudib's Crystal Spear  Conj/Erth      0%         10d2      100%        8


Dungeon Overview and Level Annotations

Branches:
Dungeon (10/15)            Temple (1/1) D:5            Lair (0/5) D:8
  Sewer (visited)
    Orc: D:9-12

Altars:
Ashenzari
Cheibriados
Dithmenos
Elyvilon
Fedhas
Gozag
Hepliaklqana
Kikubaaqudgha
Makhleb
Nemelex Xobeh
Okawaru
Qazlal
Ru
Sif Muna
Trog
Uskayaw
Vehumet
Wu Jian
Xom
Yredelemnul
Zin
The Shining One

Shops:
D:1 ?   D:10 =


Innate Abilities, Weirdness & Mutations

You have a pair of horns on your head.
You reflexively headbutt those who attack you in melee.


Message History

The two-headed ogre misses you.
You completely miss the two-headed ogre.
The two-headed ogre is lightly wounded.
A yak comes into view.
You completely miss the two-headed ogre.
You headbutt the two-headed ogre.
The two-headed ogre is lightly wounded.
The two-headed ogre misses you. You furiously retaliate!
You headbutt the two-headed ogre!
The two-headed ogre hits you with a +0 giant spiked club!!
You barely miss the two-headed ogre.
The two-headed ogre is moderately wounded.
You slash the two-headed ogre! You burn the two-headed ogre.
Your headbutt misses the two-headed ogre.
The two-headed ogre is severely wounded.
The two-headed ogre hits you with a +0 giant spiked club! x2
* * * LOW HITPOINT WARNING * * *
The hornet stings you.
* * * LOW HITPOINT WARNING * * *
You hit the two-headed ogre but do no damage.
The two-headed ogre is severely wounded.
The hornet stings you but does no damage.
You slash the two-headed ogre! You burn the two-headed ogre.
You kill the two-headed ogre!
The hornet stings you!
* * * LOW HITPOINT WARNING * * *
Unknown command.
The hornet completely misses you.
You closely miss the hornet. Your headbutt misses the hornet.
The hornet stings you.
* * * LOW HITPOINT WARNING * * *
Unknown command.
Nothing appears to have answered your call.
The hornet stings you.
* * * LOW HITPOINT WARNING * * *
The hornet stings you but does no damage.
Unknown command.
You miss the hornet. The hornet stings you!
You die...
Your body rises from the dead as a mindless zombie.

##### .....#
......# ....Y..##
......).# #Y# #y#
##@# ##..# #.
##...# #.. ##....#
##.. ##.....# ##..
##......# ##..#
##.......# ##...#
##........#
.....###.........##


You could see a yak and a hornet.

Vanquished Creatures
  Erica (D:9)
  A two-headed ogre (D:10)
  The ghost of lasso the Conjurer, a novice GnCj of Ashenzari (D:6)
  Maggie (D:9)
  Eustachio (D:5)
  2 wyverns
  5 yaks
  3 water moccasins
  A black bear (D:6)
  Pargi (Sewer)
  An ice beast (D:7)
  4 orc warriors
  An ogre (D:4)
  A sky beast (D:7)
  A kobold brigand (D:7)
  A gnoll sergeant (D:9)
  6 bullfrogs
  3 scorpions
  8 wights (D:9)
  5 killer bees (D:9)
  A howler monkey (D:4)
  8 crimson imps (D:7)
  3 hounds
  4 orc priests
  Ijyb (D:5)
  A gnoll bouda (D:7)
  2 sleepcaps
  Jessica (D:3)
  Terence (D:2)
  Natasha (thrice) (D:4)
  4 iguanas
  10 orc wizards
  26 gnolls
  7 adders
  2 shadow imps
  4 white imps
  3 dart slugs
  2 worms (D:2)
  36 orcs
  5 bats
  6 endoplasms
  2 giant cockroaches
  8 goblins
  8 hobgoblins
  2 jackals
  14 kobolds
  6 quokkas
  5 ball pythons
  5 frilled lizards
  6 rats
234 creatures vanquished.

Vanquished Creatures (collateral kills)
  A black bear (D:8)
  A scorpion (D:8)
  A wight (D:9)
  A crimson imp (D:8)
  A gnoll bouda (D:9)
  A gnoll (D:9)
6 creatures vanquished.

Vanquished Creatures (others)
  A wyvern zombie (D:9)
  An adder zombie (D:6)
  An orc zombie (D:9)
  A gnoll zombie (D:9)
4 creatures vanquished.

Grand Total: 244 creatures vanquished

Notes
Turn   | Place    | Note
-------+----------+-------------------------------------------
     0 | D:1      | Eitelfritz the Minotaur Gladiator began the quest for the
                  | Orb.
     0 | D:1      | Reached XP level 1. HP: 18/18 MP: 0/0
   215 | D:1      | Reached skill level 4 in Long Blades
   215 | D:1      | Reached XP level 2. HP: 22/25 MP: 1/1
   683 | D:1      | Found Adeor's Magic Scroll Emporium.
   809 | D:1      | Reached XP level 3. HP: 10/30 MP: 2/2
  1168 | D:2      | Noticed Terence
  1177 | D:2      | Killed Terence
  1178 | D:2      | Reached skill level 1 in Armour
  1234 | D:2      | Reached XP level 4. HP: 38/38 MP: 3/3
  1972 | D:3      | Reached skill level 5 in Long Blades
  1984 | D:3      | Reached XP level 5. HP: 44/45 MP: 4/4
  2173 | D:3      | Noticed Jessica
  2181 | D:3      | Killed Jessica
  2440 | D:3      | Reached skill level 6 in Long Blades
  2547 | D:3      | Reached XP level 6. HP: 51/51 MP: 5/5
  3010 | D:4      | Noticed Natasha
  3015 | D:4      | Killed Natasha
  3048 | D:4      | Noticed Natasha
  3055 | D:4      | Killed Natasha
  3143 | D:4      | Reached skill level 7 in Long Blades
  3218 | D:4      | Reached XP level 7. HP: 48/59 MP: 6/6
  3327 | D:4      | Noticed Natasha
  3332 | D:4      | Killed Natasha
  3505 | D:5      | Entered Level 5 of the Dungeon
  3505 | D:5      | Noticed Eustachio
  3540 | D:5      | Killed Eustachio
  3706 | D:5      | Reached skill level 5 in Armour
  3825 | D:5      | Found a staircase to the Ecumenical Temple.
  3873 | D:5      | Reached skill level 5 in Dodging
  4084 | D:5      | Reached skill level 8 in Long Blades
  4204 | D:5      | Found a hazy altar of Hepliaklqana.
  4265 | D:5      | Reached skill level 1 in Stealth
  4265 | D:5      | Reached XP level 8. HP: 67/67 MP: 7/7
  4454 | D:5      | Noticed Ijyb
  4463 | D:5      | Killed Ijyb
  4618 | D:6      | Reached skill level 5 in Fighting
  4828 | D:6      | Found a glowing drain.
  4844 | Sewer    | Entered a sewer
  4893 | Sewer    | Noticed Pargi
  4900 | Sewer    | Killed Pargi
  5133 | D:6      | Found a runed translucent door.
  5136 | D:6      | Noticed lasso's ghost (novice GnCj)
  5228 | D:6      | Reached skill level 9 in Long Blades
  5765 | D:7      | Reached XP level 9. HP: 75/75 MP: 8/8
  5784 | D:7      | You fall into a shaft and drop 2 floors!
  5789 | D:9      | Noticed Maggie
  5813 | D:9      | Killed Maggie
  5954 | D:9      | Noticed Erica
  5963 | D:9      | Killed Erica
  5964 | D:9      | Reached skill level 10 in Long Blades
  6140 | D:7      | Reached skill level 11 in Long Blades
  6407 | Temple   | Entered the Ecumenical Temple
  6643 | Temple   | Became a worshipper of Yredelemnul the Dark
  6752 | D:6      | Reached * piety under Yredelemnul
  6780 | D:6      | Killed lasso's ghost
  6781 | D:6      | Reached XP level 10. HP: 65/86 MP: 9/9
  6977 | D:8      | Reached ** piety under Yredelemnul
  7021 | D:8      | Reached skill level 12 in Long Blades
  7466 | D:8      | Found a staircase to the Lair.
  7992 | D:9      | Reached skill level 1 in Invocations
  8515 | D:9      | Reached *** piety under Yredelemnul
  8615 | D:9      | Reached skill level 13 in Long Blades
  9157 | D:10     | Entered Level 10 of the Dungeon
  9206 | D:10     | Found Uvuoss's Jewellery Boutique.
  9212 | D:10     | Bought an amulet of regeneration for 450 gold pieces
  9248 | D:10     | Noticed a two-headed ogre
  9256 | D:10     | Killed a two-headed ogre
  9261 | D:10     | Slain by a hornet

Illustrated notes

Levels and vault maps discovered:
D:1:      lemuel_arrival_tunnels, layout_basic, serial_shops,
          nicolae_shop_competitors_out_of_business
D:2:      layout_rooms, serial_glass, glass_columns_a, glass_columns_b,
          minmay_divided_ellipse, uniq_terence
D:3:      layout_rooms, kennysheep_potato, uniq_jessica
D:4:      layout_loops_ring, uniq_natasha
D:5:      layout_cave_pools, nzn_hepliaklqana_mist_gate,
          minmay_temple_entry_slanted, uniq_eustachio, uniq_ijyb
D:6:      layout_cave_pods, portal_sewer_entry_d, ebering_ghost_sewer_d
D:7:      layout_basic, minmay_nine_imps
D:8:      layout_basic, grunt_lair_entry_orc_guard_hut, minmay_fire_ice_demons
D:9:      layout_basic, uniq_erica, uniq_maggie
D:10:     minmay_thick_lines, layout_loops_corners, serial_shops,
          nicolae_shop_just_a_little_nook, shop_fountains, shop, uniq_nergalle,
          uniq_snorg
Temple:   mainiacjoe_temple_archimedes_tessellation

Skill      XL: |  1  2  3  4  5  6  7  8  9 10 |
---------------+-------------------------------+-----
Long Blades    | 4 5 6 7 8 9 11 13 | 13.3
Fighting       | 3 4 6 7 8 |  8.4
Armour         | 1 2 3 4 5 7 8 |  8.5
Dodging        | 4 5 7 8 |  8.2
Stealth        | 1 2 |  2.9
Invocations    | 2 |  2.8
Throwing       | |  2.1

Action                     |  1- 3 |  4- 6 |  7- 9 | 10-12 || total
---------------------------+-------+-------+-------+-------++-------
  Melee: Long sword        |    71 |   148 |   266 |       ||   485
         Headbutt          |     7 |    23 |    60 |    33 ||   123
         Punch             |     2 |     1 |     2 |       ||     5
         Scimitar          |       |       |    88 |   154 ||   242
 Invoke: Recall Undead Har |       |       |       |     1 ||     1
    Use: Scroll            |       |       |    16 |       ||    16
         Potion            |       |       |     1 |     3 ||     4
   Stab: Sleeping          |       |       |       |     2 ||     2
         Distracted        |       |       |       |     1 ||     1
 Armour: Leather armour    |     5 |       |       |       ||     5
         Scale mail        |    23 |    59 |   189 |       ||   271
         Steam dragon scal |       |       |    32 |    50 ||    82
  Dodge: Dodged            |    42 |   110 |   222 |   100 ||   474
